 Dungeon Sprint DCSS version 0.21.2 (webtiles) character file.

5992 Fang the Severer (level 10, -14/112 HPs)
             Began as a Gargoyle Berserker on Dec 19, 2018.
             Was the Champion of Trog.
             Killed by mirror damage (18 damage)
             ... in the Dungeon (Sprint VII: "The Pits").
             The game lasted 00:05:17 (2113 turns).

Fang the Severer (Gargoyle Berserker)               Turns: 2113, Time: 00:05:18

Health: -14/112    AC: 27    Str: 29    XL:     10   Next: 85%
Magic:  3/3        EV: 15    Int:  8    God:    Trog [******]
Gold:   0          SH:  0    Dex:  9    Spells: 9/9 levels left

rFire    . . .     SeeInvis .   o - +4 broad axe (antimagic)
rCold    . . .     Gourm    .   (no shield)
rNeg     + . .     Faith    .   w - +4 chain mail
rPois    ∞         Spirit   .   x - +0 helmet
rElec    +         Reflect  .   (no cloak)
rCorr    .         Harm     .   (no gloves)
MR       .....     NoTele   +   (no boots)
Stlth    ..........             (no amulet)
HPRegen  0.28/turn              q - +3 ring of protection
MPRegen  0.08/turn              s - +3 ring of evasion

@: berserking, very quick
A: negative energy resistance 1, electricity resistance, unbreathing,
petrification resistance, rot immunity, AC +7
a: Berserk, Trog's Hand, Brothers in Arms, Burn Spellbooks, Renounce Religion


You were in the Dungeon.
You worshipped Trog.
Trog was exalted by your worship.
You were not hungry.

You visited 1 branch

Inventory:

Hand Weapons
 j - a +1 battleaxe of chopping
 m - a +0 hand axe of chopping
 o - a +4 antimagic broad axe (weapon)
 v - a +2 war axe of freezing
Armour
 w - a +4 chain mail (worn)
 x - a +0 helmet (worn)
Jewellery
 q - a +3 ring of protection (left hand)
 s - a +3 ring of evasion (right hand)
Scrolls
 i - a scroll of blinking
 k - 3 scrolls of remove curse
 l - a scroll of summoning
Potions
 a - 2 potions of invisibility
 d - 8 potions of curing
 e - 10 potions of heal wounds
 f - 2 potions of haste
 g - 4 potions of magic
 h - 3 potions of berserk rage
 r - a potion of brilliance
 t - a potion of resistance
 u - 2 potions of agility
Comestibles
 c - 5 rations


   Skills:
 + Level 14.3 Fighting
 + Level 15.7 Axes
 + Level 11.2 Armour
 + Level 6.8 Dodging
 + Level 0.2 Stealth


You had 9 spell levels left.
You didn't know any spells.

Dungeon Overview and Level Annotations

Branches:
Dungeon (1/1)

Altars:


Innate Abilities, Weirdness & Mutations

You are resistant to torment.
Your stone body is resilient. (AC +7)
You are immune to poison.
You resist negative energy. (rN+)
You are resistant to electric shocks. (rElec)
You can survive without breathing.
You are immune to petrification.
You are immune to rotting.


Message History

Unknown command.
You hit the death knight.
The death knight is lightly wounded.
The death knight reflects your damage back at you!
* * * LOW HITPOINT WARNING * * *
The death knight hits you but does no damage.
You slash the death knight!
The death knight is moderately wounded.
The death knight reflects your damage back at you!
* * * LOW HITPOINT WARNING * * *
You slash the death knight!
The death knight is heavily wounded.
The death knight reflects your damage back at you!
* * * LOW HITPOINT WARNING * * *
The death knight invokes the aid of Yredelemnul against you.
You feel a surge of unholy energy.
You slice the death knight!!
The death knight is severely wounded.
The death knight reflects your damage back at you!
You die...

#...##.(.##..##...#
##...##†##..###...+
##....(.....##.).#
##..###'###...##'##
#..##.....##..#...#
#..'.......'..'...+
#..##.....##.)#...#
##.(###'###...##'##
##.(...†....##p@.#
##...##†##..###...+
#...##...##..##...#
#.(###...###..+...#
### ##### #######


You could see a death knight.

Vanquished Creatures
  A two-headed ogre (D)
  2 deep trolls (D)
  An orc sorcerer (D)
  2 cyclopes (D)
  An ice devil (D)
  2 demonic crawlers (D)
  A hornet (D)
  A polar bear (D)
  A flying skull (D)
  A redback (D)
  A wyvern (D)
  A hungry ghost (D)
  3 vampire mosquitoes (D)
  A warg (D)
  2 floating eyes (D)
  An eye of draining (D)
  A sky beast (D)
  A phantom (D)
  An ice beast (D)
  A crocodile (D)
  A small abomination (D)
  Blork the orc (D)
  A scorpion (D)
  A jelly (D)
  An iguana (D)
  2 hell rats (D)
  A mummy (D)
  A gnoll (D)
  An adder (D)
  A white imp (D)
  An ooze (D)
  A worm (D)
  A goblin (D)
  2 hobgoblins (D)
  5 jackals (D)
  A quokka (D)
  A giant cockroach zombie (D)
49 creatures vanquished.

Notes
Turn   | Place    | Note
-------+----------+-------------------------------------------
     0 | D        | Fang the Gargoyle Berserker began the quest for the Orb.
     0 | D        | Reached XP level 1. HP: 14/14 MP: 1/1
    16 | D        | Reached skill level 3 in Axes
    68 | D        | Reached ** piety under Trog
    76 | D        | Reached XP level 2. HP: 10/20 MP: 2/2
   225 | D        | Noticed a floating eye
   227 | D        | Paralysed by a floating eye for 3 turns
   232 | D        | Killed a floating eye
   232 | D        | Reached *** piety under Trog
   232 | D        | Reached skill level 6 in Axes
   232 | D        | Reached XP level 3. HP: 25/28 MP: 3/3
   232 | D        | Reached XP level 4. HP: 31/34 MP: 4/4
   232 | D        | Reached XP level 5. HP: 34/38 MP: 5/5
   474 | D        | Noticed a floating eye
   478 | D        | Reached **** piety under Trog
   480 | D        | Paralysed by a floating eye for 3 turns
   484 | D        | Killed a floating eye
   484 | D        | Reached skill level 7 in Axes
   484 | D        | Reached XP level 6. HP: 45/45 MP: 6/6
   528 | D        | Reached ***** piety under Trog
   536 | D        | Received a gift from Trog
   536 | D        | Reached skill level 8 in Axes
   780 | D        | Noticed a sky beast
   788 | D        | Killed a sky beast
   788 | D        | Reached skill level 5 in Armour
   828 | D        | Reached skill level 9 in Axes
   831 | D        | Noticed Blork the orc
   831 | D        | Noticed a flying skull
   831 | D        | Noticed a warg
   836 | D        | Killed a warg
   836 | D        | Reached skill level 10 in Fighting
   836 | D        | Reached XP level 7. HP: 52/52 MP: 2/7
   838 | D        | Reached skill level 5 in Dodging
   841 | D        | Killed a flying skull
   841 | D        | Reached skill level 10 in Axes
   846 | D        | Killed Blork the orc
   890 | D        | Noticed a hungry ghost
   890 | D        | Noticed a hornet
   893 | D        | Received a gift from Trog
   893 | D        | Reached XP level 8. HP: 60/60 MP: 2/8
   895 | D        | Killed a hornet
   895 | D        | Reached skill level 11 in Axes
  1040 | D        | Noticed a demonic crawler
  1052 | D        | Killed a demonic crawler
  1052 | D        | Reached skill level 12 in Axes
  1207 | D        | Noticed a cyclops
  1218 | D        | Killed a cyclops
  1218 | D        | Reached XP level 9. HP: 46/65 MP: 3/9
  1520 | D        | Received a gift from Trog
  1520 | D        | Reached skill level 13 in Axes
  1531 | D        | Noticed a polar bear
  1537 | D        | Killed a polar bear
  1686 | D        | Noticed a cyclops
  1694 | D        | Killed a cyclops
  1822 | D        | Reached ****** piety under Trog
  1824 | D        | Received a gift from Trog
  1824 | D        | Reached skill level 14 in Axes
  1829 | D        | Reached XP level 10. HP: 57/73 MP: 0/10
  1903 | D        | Noticed a deep troll
  1912 | D        | Reached skill level 10 in Armour
  1918 | D        | Killed a deep troll
  2015 | D        | Noticed a deep troll
  2015 | D        | Noticed a two-headed ogre
  2021 | D        | Killed a two-headed ogre
  2021 | D        | Reached skill level 15 in Axes
  2026 | D        | Killed a deep troll
  2097 | D        | Noticed an orc sorcerer
  2097 | D        | Noticed a death knight
  2108 | D        | Killed an orc sorcerer
  2112 | D        | HP: 3/112 [mirror damage (10)]
  2113 | D        | Killed by mirror damage

Skill      XL: |  1  2  3  4  5  6  7  8  9 10 |
---------------+-------------------------------+-----
Axes           | 3 6 7 9 10 12 14 15 | 15.7
Fighting       | 4 7 8 10 11 12 13 14 | 14.3
Dodging        | 2 3 4 5 6 |  6.8
Armour         | 3 4 5 6 8 9 11 | 11.2
Stealth        | |  0.2

Action                   |  1- 3 |  4- 6 |  7- 9 | 10-12 || total
-------------------------+-------+-------+-------+-------++-------
Melee: Hand axe          |    16 |    35 |       |       ||    51
       Broad axe         |       |    16 |    78 |    43 ||   137
Invok: Berserk           |     1 |     1 |     4 |     2 ||     8
  Eat: Ration            |       |       |     3 |     1 ||     4
       Chunk             |       |       |     2 |       ||     2
Armor: Animal skin       |     7 |       |       |       ||     7
       Chain mail        |       |    26 |    41 |    38 ||   105
Dodge: Dodged            |    14 |    15 |    61 |    28 ||   118
